Map: Gresvan LE

Players

MattBarry

  • Race: Protoss Protoss
  • League: Gold
  • Spawn Location: 5:00

Sloppyjoe - Winner!

  • Race: Terran Terran
  • Spawn Location: 11:00

VOD

Have the link to the VOD?

Description

Time

  • Played on: Feb. 10, 2023, 6:08 p.m.
  • Length: 1:43
Show
View Real Time Build Order
Export as new Build Order

MattBarry Protoss 

Build Orders:  

Get SALT Encoding   

  12  0:00  Probe  
  13  0:12  Probe  
  14  0:21  Pylon  
  14  0:24  Probe  
  15  1:00  Forge  
  15  1:05  Pylon  
  15  1:29  Pylon  
Show
View Real Time Build Order
Export as new Build Order

Sloppyjoe Terran - Winner!

Build Orders:  

Get SALT Encoding   

  12  0:00  SCV  
  13  0:16  Supply Depot  
  13  0:18  SCV  
  14  0:30  SCV  
  15  0:40  Barracks  
  15  0:42  SCV  
  16  0:48  Refinery  
  16  0:54  SCV  
  17  1:00  Refinery  
  17  1:06  SCV  
  18  1:19  SCV  
  19  1:28  Supply Depot  
Tags
 
League
Gold
Matchup
PvT
Replay Pack
Multiplayer
Spawn Locations
Cross Positions
Add a new tag
Caveats
  • Supply blocks, unpowered buildings, or Contaminate may cause inaccurate times.
  • Supply counts are checked every 10 seconds.